[Event "Early-Titled-Tuesday-Blitz-February-06-2024"]
[Site "Chess.com"]
[Date "2024.02.06"]
[Round "5"]
[White "CFalcons8"]
[Black "FARIZA2018"]
[Result "0-1"]
[WhiteElo "2317"]
[BlackElo "2516"]
[TimeControl "180+1"]
[EndTime "8:56:36 PST"]
[Termination "FARIZA2018 won by resignation"]

1. e4 e5 2. Nf3 Nc6 3. Bb5 a6 4. Ba4 Nf6 5. O-O Be7 6. Re1 b5 7. Bb3 d6 8. c3 O-O 9. h3 Bb7 10.
d4 Re8 11. Nbd2 Bf8 12. Bc2 Nb8 13. a4 Nbd7 14. Bd3 c6 15. Qc2 g6 16. Nf1 exd4 17.
cxd4 Bg7 18. g4 c5 19. axb5 axb5 20. Rxa8 Qxa8 21. dxc5 Nxc5 22. Ng3 Nxd3 23. Qxd3 Nxe4 24. Nxe4 Rxe4 25. Qxd6 Rxe1+ 26. Nxe1 Qc8 27. Nd3 h5 28. gxh5 Qxh3 29. Qb8+ Bc8 30. hxg6 fxg6 31. Qxb5 Bf5 32. Nf4 Qg4+ 33. Kh2 Kh7 34. Qe2 Qh4+ 35. Kg2 Bh6 36. Qf3 Qe7 37. Qg3 Qe4+ 38. Qf3 Qc2 39. Be3 Be4 40.
Kg3 Bxf3 41. Kxf3 Qxb2 42. Nd3 Qb7+ 43. Ke2 Bxe3 44. Kxe3 Kh6 45. Ne5 Kg5 46. Nf3+ Kf6 47. Nd4 Qe7+ 48. Kf3 Qd6 49. Ne2 Qd5+ 50. Kg3 Qd3+ 0-1

[Event "Early-Titled-Tuesday-Blitz-February-06-2024"]
[Site "Chess.com"]
[Date "2024.02.06"]
[Round "5"]
[White "mortngabriel"]
[Black "LaPiToB"]
[Result "1-0"]
[WhiteElo "2506"]
[BlackElo "2304"]
[TimeControl "180+1"]
[EndTime "8:56:36 PST"]
[Termination "mortngabriel won by resignation"]

1. e4 c6 2. Nf3 d5 3. Nc3 dxe4 4. Nxe4 Nf6 5. Qe2 Nxe4 6. Qxe4 Qa5 7. Bc4 Bf5 8. Qf4 e6 9. O-O Nd7 10. Re1 Be7 11.
c3 Nb6 12. Bb3 Nd5 13. Qg3 Bg6 14. Ne5 Bf6 15. d4 O-O-O 16. h4 Bxe5 17. Qxe5 Qc7 18. Qxg7 Rhg8 19. Qe5 Qxe5 20. Rxe5 Bf5 21. Bd2 Rg4 22. g3 Rdg8 23. Kh2 Re4 24. Rxe4 Bxe4 25. Re1 Nf6 26. Bg5 Ng4+ 27. Kg1 Bf3 28. Bd1 Bxd1 29. Rxd1 f6 30. Bf4 e5 31. dxe5 fxe5 32. Bg5 h6 33. Bc1 e4 34. Kg2 Rf8 35. Bf4 e3 36. fxe3 Rxf4 37.
exf4 Ne3+ 38. Kf3 Nxd1 39. g4 Kd7 40. g5 hxg5 41. fxg5 Ke7 42. h5 Kf7 43. Kf4 Nxb2 44.
Ke5 Nd1 45. c4 Ne3 46. Kd6 Nxc4+ 47. Kc7 b5 48. Kxc6 a6 49. Kc5 Nd2 50. Kb6 Ne4 51.
Kxa6 Nxg5 52. Kxb5 Ne6 53. a4 Nf4 54. a5 Nxh5 55. a6 Nf6 56. a7 Ne8 57. Kc6 Nf6 58. a8=Q Ke6 59. Qa2+ Kf5 60. Qf2+ Ke5 61. Qb2+ Kf4 62.
Qxf6+ Ke4 63. Qd6 Kf5 64. Qd5+ Kf4 65. Kc5 1-0

[Event "Early-Titled-Tuesday-Blitz-February-06-2024"]
[Site "Chess.com"]
[Date "2024.02.06"]
[Round "5"]
[White "Chessdreamer2020"]
[Black "KorolDimitriy75"]
[Result "1-0"]
[WhiteElo "2555"]
[BlackElo "2375"]
[TimeControl "180+1"]
[EndTime "8:56:37 PST"]
[Termination "Chessdreamer2020 won on time"]

1. e4 c5 2. Nf3 d6 3. d4 cxd4 4.
Qxd4 a6 5. h3 Nc6 6. Qe3 g6 7.
Be2 Bg7 8. O-O Nf6 9. Rd1 O-O 10. c4 Nd7 11. Nc3 Nc5 12. Rb1 a5 13. b3 Be6 14. Bb2 Qb6 15. Nd5 Bxd5 16. exd5 Nb4 17. Bxg7 Kxg7 18. a3 Nba6 19. b4 axb4 20. axb4 Nd7 21.
Qc3+ Kg8 22. Bf1 Rfe8 23. Qd2 Rac8 24. Qh6 Nf8 25. Rd4 e5 26. Rh4 f6 27. Bd3 Re7 28. Qd2 f5 29. Bf1 Rce8 30. Ng5 e4 31. Qe3 Qxe3 32.
fxe3 Rc8 33. Rf4 Kg7 34. h4 h6 35. Nh3 Nh7 36. g4 Rf8 37. gxf5 Rxf5 38. Rxf5 gxf5 39. Nf4 Nf6 40. Ne6+ Kf7 41. Be2 Nc7 42. Nd4 f4 43. exf4 e3 44. Bd3 Ng4 45. Kg2 Nf2 46. Be2 Re4 47.
Bh5+ Kf6 48. Ne2 Rxc4 49. Kf3 Nxd5 50. Rg1 Rxb4 51. Rg6+ Ke7 52. Rxh6 Nd3 53. Rh7+ Kd8 54. Bf7 N5xf4 55. Kxe3 Nxe2 56. Kxe2 Ne5 57. Be6 1-0

[Event "Early-Titled-Tuesday-Blitz-February-06-2024"]
[Site "Chess.com"]
[Date "2024.02.06"]
[Round "5"]
[White "rasmussvane"]
[Black "mbojan"]
[Result "1-0"]
[WhiteElo "2971"]
[BlackElo "2874"]
[TimeControl "180+1"]
[EndTime "8:56:38 PST"]
[Termination "rasmussvane won on time"]

1. Nf3 Nf6 2. g3 e6 3. Bg2 d5 4. O-O Bd6 5. c4 O-O 6. d4 h6 7.
Nc3 Nc6 8. a3 dxc4 9. Qa4 e5 10.
dxe5 Nxe5 11. Nxe5 Bxe5 12. Qxc4 c6 13. Bf4 Be6 14. Qb4 Bxf4 15. Qxf4 Qb6 16. Qb4 Qxb4 17.
axb4 a6 18. Na4 Rad8 19. Nc5 Bc8 20. Rfd1 Nd7 21. Nd3 Rfe8 22. e4 Nb6 23. f3 Nc4 24.
Kf2 Kf8 25. b3 Nd6 26. Rac1 g6 27. Bf1 f6 28. Be2 Nf7 29. Nc5 Rxd1 30. Rxd1 Rd8 31.
Rxd8+ Nxd8 32. Ke3 Ke7 33. f4 Nf7 34. Bd3 g5 35. Kd4 Nd8 36. h4 Nf7 37. e5 fxe5+ 38. fxe5 gxh4 39. gxh4 Nd8 40. Bc4 Bg4 41. Ke3 Bc8 42.
Kf4 Bh3 43. Ne4 Be6 44. Nd6 Bxc4 45. bxc4 b6 46. Nc8+ Ke6 47. Nxb6 Nf7 48. Kg4 Nxe5+ 49. Kh5 Nd3 50. Kxh6 Nxb4 51. Kg7 Nd3 52. h5 Nf4 53. h6 Kf5 54. h7 Ng6 55. c5 a5 56. Na4 Kg5 57. Nb2 Kf5 58. Na4 Kg5 59. Nc3 Kf5 60. Ne2 a4 61. Nd4+ Kg5 62. Nxc6 a3 63. Nb4 Kf5 64. c6 1-0

[Event "Early-Titled-Tuesday-Blitz-February-06-2024"]
[Site "Chess.com"]
[Date "2024.02.06"]
[Round "5"]
[White "DavidGavrilescu18"]
[Black "ri4mi"]
[Result "1-0"]
[WhiteElo "2775"]
[BlackElo "2555"]
[TimeControl "180+1"]
[EndTime "8:56:38 PST"]
[Termination "DavidGavrilescu18 won on time"]

1. e4 Nf6 2. e5 Nd5 3. d4 d6 4. c4 Nb6 5. exd6 exd6 6. Bd3 Be7 7. Nc3 Nc6 8. Nge2 Nb4 9. O-O Nxd3 10. Qxd3 O-O 11. Ng3 Re8 12. a4 a5 13. Bf4 Bf8 14. Rae1 Bd7 15. b3 Qf6 16. Qf3 Bc6 17.
d5 Bd7 18. Nce4 Qg6 19. h4 Bg4 20. Qc3 Nd7 21. f3 Bh5 22. Qd2 h6 23. Nc3 Nc5 24.
Nb5 Rec8 25. Re3 c6 26. dxc6 bxc6 27. Nd4 d5 28. Re5 Nd3 29. Rxh5 Nxf4 30. Qxf4 Bd6 31. Re5 f6 32. Re8+ Qxe8 33. Qxd6 Qe3+ 34. Kh1 Qxd4 35.
Nf5 Qe5 36. Qxe5 fxe5 37. Ne7+ Kf7 38. Nxc8 Rxc8 39. Rc1 Ke6 40. cxd5+ Kxd5 41. Kg1 Rb8 42. Rc3 Rb4 43. g3 c5 44. Kf2 Kd4 45. Re3 c4 46. Re4+ Kd5 47. bxc4+ Rxc4 48. Re1 Rxa4 49. Rd1+ Rd4 50.
Rb1 a4 51. Rb7 a3 52. Rxg7 Ra4 53. Rd7+ Kc4 54. Rd1 a2 55. Ra1 Kb3 56. Ke3 Kb2 57.
Rg1 Rc4 58. Rh1 1-0

[Event "Early-Titled-Tuesday-Blitz-February-06-2024"]
[Site "Chess.com"]
[Date "2024.02.06"]
[Round "5"]
[White "Schattman"]
[Black "LeoWin2012"]
[Result "1-0"]
[WhiteElo "2415"]
[BlackElo "2166"]
[TimeControl "180+1"]
[EndTime "8:56:38 PST"]
[Termination "Schattman won on time"]

1. f4 e6 2. Nf3 d5 3. g3 g6 4.
Bg2 Bg7 5. O-O Ne7 6. d3 c5 7. e4 Nbc6 8. c3 O-O 9. Qe2 Re8 10.
Na3 a6 11. Nc2 Qb6 12. Kh1 Bd7 13. Rb1 Rad8 14. Be3 d4 15. cxd4 cxd4 16. Bd2 f5 17. e5 Nd5 18. Na3 Bf8 19. Nc4 Qc5 20. a3 b5 21. b4 Qa7 22. Nd6 Bxd6 23. exd6 Bc8 24. Ne5 Nxe5 25. fxe5 Bb7 26. Rbc1 Ne3 27. Bxe3 Bxg2+ 28. Kxg2 dxe3 29. Rc5 a5 30. Qxe3 axb4 31. axb4 Qa4 32. Qf4 Rd7 33. Rf2 Qa8+ 34. Qf3 Qa3 35. Qf4 Qa8+ 36. Kh3 Qa3 37. Qd4 Qa4 38. Rfc2 Qb3 39.
Rc7 Rxc7 40. Rxc7 Qd5 41. Qxd5 exd5 42. d4 Rd8 43. Rb7 Kf8 44. Kh4 h6 45. Rh7 Kg8 46.
Rb7 Kf8 47. Rxb5 Rd7 48. Rb8+ Kg7 49. b5 Kf7 50. b6 Kg7 51. b7 g5+ 52. Kh5 f4 53.
gxf4 gxf4 54. Kg4 Rf7 55. Kf3 Rd7 56. e6 Rxd6 57. e7 Re6 58. e8=Q Re3+ 59. Qxe3 fxe3 60. Kxe3 Kf6 61. Rf8+ Ke6 62. b8=Q h5 63. Qe8+ Kd6 64. Rf6+ Kc7 65. Qe7+ 1-0

[Event "Early-Titled-Tuesday-Blitz-February-06-2024"]
[Site "Chess.com"]
[Date "2024.02.06"]
[Round "5"]
[White "JuniorJumper"]
[Black "Nick12772"]
[Result "0-1"]
[WhiteElo "2502"]
[BlackElo "2401"]
[TimeControl "180+1"]
[EndTime "8:56:41 PST"]
[Termination "Nick12772 won by checkmate"]

1. Nf3 Nf6 2. e3 g6 3. b3 Bg7 4. Bb2 O-O 5. c4 c5 6. Be2 Nc6 7. O-O b6 8. Nc3 Bb7 9. d4 cxd4 10. Nxd4 Nxd4 11. Qxd4 d6 12. Qd1 Qc8 13. Rc1 Qf5 14.
Bf3 Bxf3 15. Qxf3 Qxf3 16. gxf3 Rac8 17. Rfd1 Rfd8 18. Kf1 Kf8 19. Ke2 Ke8 20. Rd2 h5 21.
Nd5 Nxd5 22. Bxg7 Nb4 23. Bc3 Nc6 24. f4 Nb8 25. f5 g5 26. f6 Nd7 27. fxe7 Kxe7 28.
Rg1 g4 29. Rd5 Rc5 30. Rgd1 Ne5 31. Bxe5 Rxd5 32. Rxd5 dxe5 33. Rxe5+ Kf6 34. Rxh5 Kg6 35. Rh4 f5 36. h3 Kg5 37. Rh7 Kg6 38. Rh4 Kg5 39.
Rh7 Kg6 40. Rxa7 gxh3 41. Kf1 Rd1+ 42. Ke2 h2 43. Kxd1 h1=Q+ 44. Ke2 Qc6 45. Re7 Qd6 46. Ra7 Qc6 47. Re7 b5 48. Re5 bxc4 49. b4 c3 50.
Rc5 Qa6+ 51. Kd1 Qa4+ 52. Kc1 Qxb4 53. Rc6+ Kg5 54. Kc2 Qb2+ 55. Kd3 Qd2+ 56. Kc4 c2 57. f4+ Kg4 58. Rg6+ Kf3 59. Kb3 c1=Q 60. Rg1 Qdb2+ 61. Ka4 Qc4+ 62. Ka5 Qbb5# 0-1

[Event "Early-Titled-Tuesday-Blitz-February-06-2024"]
[Site "Chess.com"]
[Date "2024.02.06"]
[Round "5"]
[White "LyonBeast"]
[Black "severomorskij"]
[Result "1-0"]
[WhiteElo "3157"]
[BlackElo "2902"]
[TimeControl "180+1"]
[EndTime "8:56:45 PST"]
[Termination "LyonBeast won by resignation"]

1. e4 c5 2. Nf3 e6 3. g3 d5 4. exd5 exd5 5. d4 cxd4 6. Nxd4 Nc6 7. Bg2 Bc5 8. Nb3 Qe7+ 9. Qe2 Bb6 10. Nc3 Qxe2+ 11. Nxe2 Nf6 12. O-O O-O 13. c3 Bg4 14. Nf4 Rad8 15. Re1 Rfe8 16. Bd2 Ne5 17. Be3 Bxe3 18. Rxe3 Nc4 19. Rxe8+ Rxe8 20. Nxd5 Nxd5 21.
Bxd5 Nxb2 22. Bxb7 g5 23. Nd4 Kg7 24. Kg2 Bd7 25. Bd5 Rc8 26. Re1 Kf6 27. Re3 g4 28.
Bb3 Nc4 29. Bxc4 Rxc4 30. f3 h5 31. f4 Ra4 32. Re2 Be6 33. Nxe6 fxe6 34. Kf2 Ra3 35. Rc2 e5 36. Ke3 Kf5 37. fxe5 Kxe5 38. Kd3 Kd5 39.
Rf2 a5 40. Rf5+ Ke6 41. Rxh5 Rxa2 42. Kc4 a4 43. Kb4 a3 44. Kb3 Ra1 45. Rg5 a2 46. Rxg4 Rc1 47. Kxa2 Rxc3 48. Kb2 Rf3 49. Rh4 Kf5 50.
Kc2 Re3 51. Kd2 Re8 52. Kd3 Re7 53. Rf4+ Kg5 54. Re4 Rh7 55. h4+ Kh5 56. Ke3 Rf7 57. Re5+ Kg4 58. Rg5+ Kh3 59. h5 Kg2 60. g4 Kg3 61. Rg6 Re7+ 62. Kd4 Kf4 63. h6 Rd7+ 64. Kc5 Ke5 65. Rg7 Rd8 66. g5 Rc8+ 67. Kb4 Kf5 68.
h7 Rh8 69. g6 Kf6 70. Rg8 1-0

[Event "Early-Titled-Tuesday-Blitz-February-06-2024"]
[Site "Chess.com"]
[Date "2024.02.06"]
[Round "5"]
[White "tarno17"]
[Black "flomarechot"]
[Result "0-1"]
[WhiteElo "2107"]
[BlackElo "2305"]
[TimeControl "180+1"]
[EndTime "8:56:46 PST"]
[Termination "flomarechot won by checkmate"]

1. e4 d6 2. d4 Nf6 3. Nd2 e5 4. c3 Nc6 5. d5 Nb8 6. h3 a5 7. Bd3 Na6 8. Ne2 g6 9. O-O Bg7 10. Ng3 O-O 11. Nf3 Nc5 12. Bc2 a4 13. Be3 Nfd7 14. Qd2 h5 15. Bh6 b5 16. Rfe1 Nb6 17. b3 Re8 18. Rab1 axb3 19. axb3 Ra2 20. Bxg7 Kxg7 21. Qc1 Bd7 22. Ra1 Qa8 23. Rxa2 Qxa2 24. Qb1 Qxb1 25. Rxb1 Ra8 26. Rb2 c6 27. dxc6 Bxc6 28.
Nd2 Ra1+ 29. Kh2 Ne6 30. Ne2 d5 31. g3 d4 32. c4 b4 33. f4 f6 34. g4 hxg4 35.
hxg4 Nc5 36. f5 d3 37. Bxd3 Nxd3 38. Rc2 g5 39. Ng3 Nf4 40. Nf3 Nd7 41. Rd2 Kf7 42.
Ne2 Nxe2 43. Rxe2 Nc5 44. Nd2 Ra2 45. Kg3 Nxe4+ 46. Nxe4 Rxe2 47. Nc5 Rc2 48. Ne6 Rc3+ 49. Kf2 Be8 50. Nc5 Bc6 51. Ne6 Bf3 52. Nd8+ Ke7 53. Ne6 Bxg4 54. Nc5 Bxf5 55. Ke2 g4 56. Kf2 g3+ 57.
Kg2 Bd7 58. Na6 Bc6+ 59. Kh3 Rxb3 60. Nc7 g2+ 61. Kh2 Rb2 62. Nd5+ Bxd5 63. cxd5 Kd6 64. Kg1 Kxd5 65. Kh2 Rc2 66. Kg1 b3 67. Kh2 g1=Q+ 68. Kh3 Rh2# 0-1

[Event "Early-Titled-Tuesday-Blitz-February-06-2024"]
[Site "Chess.com"]
[Date "2024.02.06"]
[Round "5"]
[White "jlandaw"]
[Black "IngOscarArdila"]
[Result "0-1"]
[WhiteElo "2337"]
[BlackElo "2214"]
[TimeControl "180+1"]
[EndTime "8:56:48 PST"]
[Termination "IngOscarArdila won by resignation"]

1. e4 e5 2. Nf3 Nf6 3. Nxe5 d6 4. Nc4 Nxe4 5. Nc3 Nf6 6. d4 Be7 7. Bd3 O-O 8. O-O Bg4 9. Qd2 Nbd7 10. Re1 Re8 11.
Ne3 Bh5 12. Ne2 Nf8 13. Nf5 Bg6 14. Nf4 Qd7 15. Nxg6 hxg6 16. Nxe7+ Rxe7 17. Rxe7 Qxe7 18. b3 Re8 19. Bb2 Nd5 20. c4 Nf6 21. Kf1 c6 22.
Re1 Qd7 23. h3 d5 24. Rxe8 Nxe8 25. Qa5 b6 26. Qa4 Nf6 27. c5 b5 28. Qa6 Ne6 29.
a4 bxa4 30. Qxa4 Qb7 31. b4 Nc7 32. Bc1 a6 33. Bf4 Nb5 34. Bxb5 Qxb5+ 35. Qxb5 axb5 36. Ke2 Ne4 37. f3 Nf6 38. Bd6 Kh7 39. Ke3 g5 40. Be7 Kg6 41. f4 gxf4+ 42. Kxf4 Ne4 43. Ke5 Kh5 44. g4+ Kg6 45. h4 Kh6 46. Bf8 Kh7 47.
Kf5 Kg8 48. Bd6 g6+ 49. Ke5 Kg7 50. Be7 Kh7 51. g5 Kg7 52. Bf6+ Kf8 53. Bd8 Ke8 54. Bf6 Kd7 55. Bh8 Nc3 56. Kf6 Ke8 57. Ke5 Na2 58. Kd6 Nxb4 59. Bg7 Kd8 60. Bf6+ Kc8 61. Bg7 Kb7 62. Ke7 Nc2 63. Kxf7 b4 64. Kxg6 b3 65. h5 b2 66. h6 b1=Q 67. h7 Nxd4+ 68. Kh6 Qh1+ 69.
Kg6 Qe4+ 70. Kf7 Qf5+ 71. Bf6 Qxh7+ 72. Ke8 Qg6+ 73. Kd7 Nb3 74. Kd6 Qf7 0-1

[Event "Early-Titled-Tuesday-Blitz-February-06-2024"]
[Site "Chess.com"]
[Date "2024.02.06"]
[Round "5"]
[White "VinzentSpitzl"]
[Black "GianmarcoVaR"]
[Result "0-1"]
[WhiteElo "2463"]
[BlackElo "2680"]
[TimeControl "180+1"]
[EndTime "8:56:52 PST"]
[Termination "GianmarcoVaR won on time"]

1. e4 c5 2. Nf3 d6 3. d4 cxd4 4.
Nxd4 Nf6 5. Nc3 a6 6. Be2 e5 7. Nb3 Be7 8. O-O O-O 9. Re1 b5 10. Bf3 Nbd7 11. a4 b4 12. Nd5 Nxd5 13. Qxd5 Qc7 14.
Be3 Bb7 15. Qd3 a5 16. c3 Ba6 17. Qd2 bxc3 18. Qxc3 Qxc3 19. bxc3 Bc4 20. Nd2 Bd3 21. Be2 Bxe2 22. Rxe2 Rfc8 23. c4 Rab8 24. g3 Bd8 25. Ree1 Bb6 26. Bxb6 Rxb6 27. Reb1 Rcb8 28. Rb5 Nc5 29.
Rxa5 Rb2 30. Rd1 Kf8 31. Rb5 Ke7 32. Rxb8 Rxb8 33. Ra1 Rb2 34. Nf1 Nxe4 35. a5 Rb7 36. Ne3 Nc5 37. Nd5+ Kd7 38. Kf1 Ra7 39. Ke2 Nb3 40.
Rb1 Nxa5 41. Kd3 Nb7 42. Nb6+ Kc6 43. Nd5 Nc5+ 44. Ke2 Ra2+ 45. Kf3 f5 46. Rb6+ Kd7 47. Kg2 g6 48. h4 h6 49. h5 gxh5 50. Nf6+ Ke6 51.
Nd5 f4 52. gxf4 Nd3 53. fxe5 Kxe5 54. Nc7 Rxf2+ 55. Kg1 Rf7 56. Nb5 Rf6 57. c5 dxc5 58. Rb8 Rg6+ 0-1

[Event "Early-Titled-Tuesday-Blitz-February-06-2024"]
[Site "Chess.com"]
[Date "2024.02.06"]
[Round "5"]
[White "Hasangatin_Ramil"]
[Black "jcibarra"]
[Result "0-1"]
[WhiteElo "2666"]
[BlackElo "2878"]
[TimeControl "180+1"]
[EndTime "8:56:55 PST"]
[Termination "jcibarra won on time"]

1. e4 Nc6 2. Nf3 d6 3. d4 Nf6 4. d5 Nb8 5. Nc3 g6 6. Bc4 Bg7 7. h3 O-O 8. O-O e5 9. dxe6 Bxe6 10. Bxe6 fxe6 11. e5 dxe5 12. Qxd8 Rxd8 13. Nxe5 Nd5 14.
Nxd5 exd5 15. Bf4 Nd7 16. Rfe1 c6 17. Nxd7 Rxd7 18. Be5 Bf8 19. c3 Re8 20. Kf1 Rde7 21.
Bd4 c5 22. Rxe7 Bxe7 23. Be3 Kf7 24. Rd1 Ke6 25. Ke2 b5 26. a4 Rb8 27. axb5 Rxb5 28.
Bc1 c4 29. Kd2 Bc5 30. Re1+ Kd6 31. Re2 a5 32. Kc2 d4 33. Bf4+ Kc6 34. cxd4 Bxd4 35. Bc1 Rb7 36. f4 Kd5 37. g4 a4 38. Re8 Rb3 39.
Rd8+ Ke4 40. Re8+ Kd5 41. Rd8+ Kc5 42. Rc8+ Kb5 43. Rb8+ Bb6 44. f5 gxf5 45. gxf5 Rxh3 46.
Bf4 Kc6 47. f6 Rf3 48. f7 Rxf4 49. f8=Q Rxf8 50. Rxf8 Bd4 51. Rf4 Kd5 52. Rf5+ Be5 53. Rh5 Kd4 54. Rxh7 Kc5 55. Rh5 Kd4 56. Rh1 Kc5 57.
Re1 Bd4 58. Ra1 Kb4 59. Rd1 Be5 60. Rd5 Bf6 61. Rd6 Be5 62. Rb6+ Kc5 63. Rb7 Bd4 64.
Rf7 Be5 65. Rf5 Kd4 66. Rh5 Kd5 67. Rh3 Kc5 68. Rf3 Bd4 69. Rf5+ Kb4 70. Rc5 Bxc5 0-1

[Event "Early-Titled-Tuesday-Blitz-February-06-2024"]
[Site "Chess.com"]
[Date "2024.02.06"]
[Round "5"]
[White "Zheenbekov86"]
[Black "JeFumeDesClopes"]
[Result "0-1"]
[WhiteElo "2435"]
[BlackElo "2608"]
[TimeControl "180+1"]
[EndTime "8:56:58 PST"]
[Termination "JeFumeDesClopes won on time"]

1. d4 g6 2. c4 Bg7 3. Nc3 d6 4. Nf3 Nf6 5. g3 O-O 6. Bg2 c5 7. O-O cxd4 8. Nxd4 Nc6 9. Nc2 Be6 10. Ne3 Qd7 11. Ned5 Rac8 12. Bg5 Bxd5 13. cxd5 Ne5 14.
Qb3 a6 15. a4 Nc4 16. h3 h6 17. Bf4 Qc7 18. Bc1 Qb6 19. Qxb6 Nxb6 20. a5 Nc4 21. Na4 Nd7 22. Ra2 Nxa5 23. h4 Nb3 24. Be3 Rc2 25.
Bh3 Ndc5 26. Nxc5 Nxc5 27. Rb1 Rxe2 28. Bf1 Rc2 29. Bh3 Ra8 30. Kf1 b5 31. Ke1 Na4 32. Kd1 Rxb2 33. Raxb2 Nxb2+ 34. Ke2 Na4 35. Rc1 Nc3+ 36. Kd3 b4 37. Bd7 a5 38. Bc6 Rc8 39.
Bd2 Kf8 40. Re1 e6 41. Bd7 Rc5 42. dxe6 fxe6 43. Bxe6 Nb5 44. Bd7 Nc7 45. Be3 Rc3+ 46.
Kd2 Nd5 47. Rd1 Nxe3 48. fxe3 Ke7 49. Ba4 Be5 50. Rf1 Ra3 51. Bc6 b3 52. Bd5 b2 53. Kc2 Ra1 54. Rb1 Rxb1 55. Kxb1 a4 56. Be4 a3 57. Bxg6 Bxg3 58. h5 Bf2 59. e4 Bc5 60.
Bf5 Kf6 61. Bh7 Ke5 62. Bg6 Kd4 0-1

[Event "Early-Titled-Tuesday-Blitz-February-06-2024"]
[Site "Chess.com"]
[Date "2024.02.06"]
[Round "5"]
[White "TigrVShlyape"]
[Black "Yaacovn"]
[Result "1/2-1/2"]
[WhiteElo "2967"]
[BlackElo "2839"]
[TimeControl "180+1"]
[EndTime "8:57:00 PST"]
[Termination "Game drawn by agreement"]

1. e4 c6 2. d4 d5 3. exd5 cxd5 4.
Bd3 Nf6 5. c3 Nc6 6. Bf4 Bg4 7.
Qb3 Qd7 8. Nd2 e6 9. Ngf3 Bd6 10. Bg3 O-O 11. O-O Rab8 12. a4 Qc7 13. Rfe1 Bxg3 14.
hxg3 Bxf3 15. Nxf3 a6 16. Qc2 Rfc8 17. Qe2 g6 18.
Qe3 Kg7 19. Ne5 Nxe5 20. dxe5 Nd7 21. g4 Qb6 22. Qxb6 Nxb6 23. g5 Nc4 24. Re2 b5 25. axb5 axb5 26. b3 Nb6 27. Bxb5 Rxc3 28. Re3 Rc7 29.
Ra5 Nc8 30. f4 Ne7 31. g4 d4 32. Rd3 Nd5 33. Bc4 Nxf4 34. Rxd4 Nh3+ 35. Kg2 Nxg5 36.
Kg3 h6 37. Kf4 Rbc8 38. Rd6 Nh3+ 39. Ke3 Ng5 40. Rd4 Nh7 41. Rd1 Nf8 42. Rda1 Nd7 43.
Kd4 Rd8 44. Ke3 g5 45. R1a2 Nf8 46. Ra7 Rdd7 47. Rxc7 Rxc7 48. Kd4 Rd7+ 49. Kc5 Ng6 50. Re2 Nf4 51. Re3 Rc7+ 52. Kd6 Rc8 53. Kd7 Rb8 54.
Kc7 Rb4 55. Kc6 Kf8 56. Kc5 Rb8 57. Bb5 Ke7 58. b4 Nd5 59. Rb3 Nc7 60. Bc4 Rc8 61. Kd4 Rd8+ 62. Kc5 Rc8 63. Kd4 Kd7 64. b5 Rd8 65.
Kc5 Rc8 66. Kd4 Na8 67. b6 Rb8 68. Kc5 Rc8+ 69. Kd4 Rb8 70. b7 Nc7 71. Kc5 Nd5 72.
Bxd5 exd5 73. Kxd5 Kc7 74. Rf3 Rd8+ 75. Kc5 Rd7 76.
Rf6 Kxb7 77. Rxh6 Kc7 78. Rh5 Rd1 79. Rxg5 Kd7 80. Rf5 Ke6 81. Rf6+ Ke7 82. g5 Rg1 83. Rf5 Rd1 84. Rf6 Rg1 85. Rf5 Ke6 86. Rf6+ Kxe5 87. Rxf7 Rxg5 88. Rf1 Ke6+ 1/2-1/2

[Event "Early-Titled-Tuesday-Blitz-February-06-2024"]
[Site "Chess.com"]
[Date "2024.02.06"]
[Round "5"]
[White "iJueles"]
[Black "wadsy27"]
[Result "0-1"]
[WhiteElo "2448"]
[BlackElo "2622"]
[TimeControl "180+1"]
[EndTime "8:57:01 PST"]
[Termination "wadsy27 won by resignation"]

1. c4 c6 2. Nf3 d5 3. b3 Bg4 4. e3 Nf6 5. Be2 e6 6. Bb2 Nbd7 7. O-O Bd6 8. d4 O-O 9. Nc3 Qe7 10. h3 Bh5 11. Qc2 a6 12. Rfd1 b5 13. Rac1 Bg6 14. Bd3 Bxd3 15. Qxd3 Rfc8 16. cxd5 cxd5 17.
Ne2 Ne4 18. Qb1 Qd8 19. Rxc8 Rxc8 20. Rc1 f5 21. Rxc8 Qxc8 22. Qc1 Qxc1+ 23. Nxc1 Kf7 24. Nd3 Ke7 25. Kf1 g5 26. Ke2 h5 27. Nd2 Nxd2 28.
Kxd2 g4 29. hxg4 fxg4 30. g3 Nf6 31. Ke2 Ne4 32. Ne1 Kf6 33. Ng2 Kg5 34. Ne1 Bxg3 35. fxg3 Nxg3+ 36. Kf2 Ne4+ 37. Kg2 h4 38. Ba3 h3+ 39.
Kh2 Nc3 40. Be7+ Kf5 41. a3 Ke4 42. Bg5 Nb1 43. Nc2 Kd3 44. Nb4+ Kc3 45. Nxa6 Nxa3 46. Nc5 Nc2 47. Bf4 b4 48. Bd6 Na1 49. Na6 Nxb3 50. Bxb4+ Kd3 51. Nc5+ Kxe3 52. Nxb3 Kd3 53. Bd6 Kc4 54. Be5 Kxb3 55. Kg3 Kc4 56. Kxg4 h2 57. Bxh2 Kxd4 58. Kf3 Kd3 59. Kf2 d4 60. Ke1 Kc2 61. Bf4 Kd3 62. Kd1 Ke4 63. Bd2 Kd3 64. Bf4 Ke4 65. Bd2 e5 66. Ke2 Kd5 67. Kd3 e4+ 68. Ke2 Kc4 69. Kd1 Kd3 70. Bf4 e3 71.
Ke1 Ke4 72. Bd6 d3 73. Bb4 Kf3 74. Ba5 Ke4 75. Bb4 Kd4 76. Ba5 Kc4 77. Bb6 d2+ 78. Kd1 Kd3 79. Bxe3 Kxe3 80. Kc2 Ke2 81. Kc3 d1=Q 0-1

[Event "Early-Titled-Tuesday-Blitz-February-06-2024"]
[Site "Chess.com"]
[Date "2024.02.06"]
[Round "5"]
[White "MikeSailer"]
[Black "alvarorodriguezavila"]
[Result "0-1"]
[WhiteElo "2063"]
[BlackElo "2376"]
[TimeControl "180+1"]
[EndTime "8:57:01 PST"]
[Termination "alvarorodriguezavila won on time"]

1. d4 Nf6 2. Nf3 d5 3. Bf4 e6 4. e3 Bd6 5. Bg3 O-O 6. Be2 c5 7. O-O Nc6 8. c4 b6 9. Nc3 cxd4 10. exd4 dxc4 11. Bxc4 Bb7 12. Ne5 Ne7 13. Qe2 Rc8 14. Rad1 Re8 15. Bb5 Rf8 16. Rfe1 Nf5 17. Bc4 Bb4 18. Bf4 Nd5 19. Bd2 Nxd4 20. Qg4 Nf5 21. Nxd5 Bxd2 22. Rxd2 Nh6 23. Qf4 Bxd5 24. Bxd5 exd5 25.
Red1 Re8 26. h3 Qe7 27. Rxd5 f6 28. Ng4 Nxg4 29. hxg4 Rcd8 30. Rxd8 Rxd8 31. Rxd8+ Qxd8 32. Qc1 Qd7 33. f3 Kf8 34. Qc3 Ke8 35. Qb3 h6 36. Qg8+ Ke7 37. Qxg7+ Kd6 38. Qxd7+ Kxd7 39. Kf2 Ke6 40.
Ke3 Ke5 41. f4+ Kd5 42. Kd3 b5 43. b4 a6 44. a3 Ke6 45. Ke4 Ke7 46. Kf5 Kf7 47. g3 Kg7 48. Ke6 Kg6 49. Kd5 f5 50. gxf5+ Kxf5 51. Kd4 h5 52. Ke3 Kg4 53. Ke4 Kxg3 54.
f5 h4 55. f6 h3 56. f7 h2 57. f8=Q h1=Q+ 58. Ke5 Qe1+ 59. Kd6 Qd2+ 60. Kc6 Qc3+ 61. Kb6 Qxa3 62. Qd6+ Kf3 63. Qf6+ Ke4 64. Qe6+ Kd4 65. Qd6+ Kc4 66. Qc5+ Kb3 67. Qe3+ Ka4 68. Qe2 Qxb4 69. Kxa6 Qb3 0-1

[Event "Early-Titled-Tuesday-Blitz-February-06-2024"]
[Site "Chess.com"]
[Date "2024.02.06"]
[Round "5"]
[White "SaqoChess_Twitch"]
[Black "KuzubovYuriy"]
[Result "0-1"]
[WhiteElo "2604"]
[BlackElo "2904"]
[TimeControl "180+1"]
[EndTime "8:57:09 PST"]
[Termination "KuzubovYuriy won by resignation"]

1. d4 Nf6 2. c4 e6 3. Nc3 Bb4 4. e3 d6 5. a3 Bxc3+ 6. bxc3 e5 7.
Bd3 e4 8. Bb1 Bf5 9. Ne2 Qe7 10.
Ng3 Bg6 11. O-O Nbd7 12. a4 h5 13.
h3 h4 14. Ne2 Bf5 15. f3 c5 16. Nf4 Rc8 17. Nd5 Nxd5 18. cxd5 O-O 19. fxe4 Bxe4 20. Bxe4 Qxe4 21. Rf4 Qxd5 22. Rxh4 Rfe8 23. c4 Qf5 24.
Rf4 Qg6 25. Ra2 Nf6 26. Raf2 Ne4 27. R2f3 Re7 28. Bb2 f6 29. Qd3 Qe8 30. d5 Rcc7 31.
h4 Qg6 32. h5 Qh7 33. h6 Ng5 34. Qxh7+ Kxh7 35. hxg7 Nxf3+ 36. gxf3 Rxg7+ 37. Kf2 Rg6 38.
Bxf6 Kg8 39. Bc3 Rh7 40. e4 Rh2+ 41. Ke3 Ra2 42. Rh4 Rxa4 43. Rh8+ Kf7 44. Rh7+ Ke8 45. Rxb7 Ra3 46. Kd3 Rg3 47. Rb8+ Kf7 48. Rb7+ Kg8 49. Rb8+ Kf7 50. Rb7+ Ke8 51. Rb8+ Ke7 52. Rb7+ Kd8 53. Rb8+ Kc7 54. Rf8 a5 55. Rf7+ Kd8 56.
Kd2 Rg2+ 57. Kd3 a4 58. e5 dxe5 59. d6 Rb3 60. Ra7 Rf2 61. Ke3 Rc2 62. Ke4 Rbxc3 63. Kd5 Rxc4 64. Kc6 Ke8 65. d7+ Ke7 66. Ra8 Rd4 67.
Re8+ Kf6 68. d8=Q+ Rxd8 69. Rxd8 a3 70. Ra8 a2 71. Kd5 c4 72. Ke4 Re2+ 73. Kd5 c3 74.
Rf8+ Kg5 75. Ra8 Kf4 76. Ra3 c2 77. Rxa2 Rd2+ 78. Ke6 c1=Q 79. Ra4+ Rd4 80. Ra5 Qc6+ 81. Kf7 Rd7+ 0-1